 Dungeon Crawl Stone Soup version 0.26.1-11-gd32895ea62 (webtiles) character file.

Game seed: 11701096171043315541

175 buriedalive the Chiller (level 5, -5/28 HPs)
             Began as a Deep Elf Ice Elementalist on May 30, 2021.
             Slain by an ice beast (8 damage)
             ... on level 4 of the Dungeon.
             The game lasted 00:06:36 (5301 turns).

buriedalive the Chiller (Deep Elf Ice Elementalist) Turns: 5301, Time: 00:06:38

Health: -5/28      AC: 11    Str:  5    XL:     5   Next: 29%
Magic:  2/11       EV: 15    Int: 21    God:
Gold:   225        SH:  0    Dex: 15    Spells: 3/10 levels left

rFire    . . .     SeeInvis .   x - +1 scimitar
rCold    . . .     Faith    .   (no shield)
rNeg     + . .     Spirit   .   a - +0 robe
rPois    .         Reflect  .   (no helmet)
rElec    .         Harm     +   r - scarf {harm}
rCorr    .         Rampage  .   j - +1 pair of gloves
Will     +....                  (no boots)
Stlth    ++........             (no amulet)
HPRegen  0.09/turn              d - ring of willpower
MPRegen  0.12/turn              z - ring of positive energy

@: lethally poisoned (-5 -> -8), icy armour, frozen ramparts
A: no striking features
a: no special abilities


You were on level 4 of the Dungeon.
You visited 1 branch of the dungeon, and saw 5 of its levels.

You collected 225 gold pieces.

Inventory:

Hand Weapons
 b - a +0 dagger
 x - a +1 scimitar (weapon)
Missiles
 c - 325 stones
 i - 17 poisoned darts
Armour
 a - a +0 robe (worn)
 j - a +1 pair of gloves (worn)
 r - a scarf of harm (worn)
Jewellery
 d - a ring of willpower (left hand)
 v - an uncursed ring of see invisible
 z - a ring of positive energy (right hand)
Wands
 B - a wand of flame (16)
Scrolls
 e - 2 scrolls of amnesia
 g - 4 scrolls of teleportation
 k - a scroll of fog
 l - 3 scrolls of random uselessness {unknown}
 s - a scroll of noise
 w - a scroll of magic mapping
Potions
 f - 2 potions of resistance
 h - a potion of haste
 m - a potion of might {unknown}
 p - a potion of invisibility {unknown}
 q - 2 potions of flight {unknown}
 t - a potion of magic {unknown}
 u - 2 potions of attraction {unknown}
 A - 3 potions of heal wounds {unknown}
 C - a potion of lignification {unknown}


   Skills:
 + Level 5.0 Dodging
 - Level 2.4 Stealth
 - Level 3.0 Spellcasting
 + Level 6.0 Ice Magic


You had 3 spell levels left.
You knew the following spells:

 Your Spells              Type           Power        Failure   Level
a - Freeze                Ice            100%         1%          1
b - Frozen Ramparts       Ice            56%          3%          3
c - Ozocubu's Armour      Ice            28%          3%          3

Your spell library contained the following spells:

 Spells                   Type           Power        Failure   Level
 Hailstorm                Conj/Ice       15%          36%         4
 Summon Ice Beast         Ice/Summ       15%          36%         4


Dungeon Overview and Level Annotations

Branches:
Dungeon (5/15)
 Temple: D:4-7

Altars:
Fedhas


Message History

Press: ? - help, Dir - look around, f - activate The walls around you are covered in ice.
You feel sick.
The ice beast completely resists.
The wall freezes the ice beast but does no damage.
The ice beast hits you but does no damage.
Unknown command.
You hit the ice beast but do no damage.
The ice beast is severely wounded.
The ice beast completely resists.
The wall freezes the ice beast but does no damage.
The ice beast hits you. The ice beast freezes you.
* * * LOW HITPOINT WARNING * * *
You closely miss the ice beast.
The ice beast is severely wounded.
You feel sick.
The ice beast completely resists.
The wall freezes the ice beast but does no damage.
The ice beast hits you.
* * * LOW HITPOINT WARNING * * *
The ice beast freezes you!
You die...

***,,,.......................#..
*,,,,,...................>......
*,,,..,................#8..8#...
*,,,....).......([.....##..##,,.
*,,,....###..................,,*
**,,,....###..)..#..........#..**
*,,,,.........)###.#.......###.#*
**,,,.........))...#........,,.#.
**,,......†....@...........,,,..
****,..........Y##....##*,****,..
,,*,,..#................#,* #....
,,,,*.*#.............##.#.* #....
,,***,*#.<............#,#.###....
,,,,,,*#.......#.................
,,,,,,,#......#....$#..#.,#......
,****,#......##..#.......##.....#
,**,,.........,..###............#


You could see an ice beast.

Vanquished Creatures
  Ijyb (D:3)
  An iguana (D:4)
  An adder (D:3)
  A gnoll (D:1)
  3 worms (D:2)
  4 dart slugs (D:2)
  4 leopard geckos
  5 orcs
  A giant cockroach (D:4)
  7 hobgoblins
  8 jackals (D:3)
  7 kobolds
  A quokka (D:4)
  A ball python (D:1)
  5 bats
  8 frilled lizards
  16 goblins
  5 rats
79 creatures vanquished.

Vanquished Creatures (others)
  A fungus (D:4)
  3 plants (D:4)
4 creatures vanquished.

Grand Total: 83 creatures vanquished

Notes
Turn   | Place    | Note
-------+----------+-------------------------------------------
     0 | D:1      | buriedalive the Deep Elf Ice Elementalist began the quest
                  | for the Orb.
     0 | D:1      | Reached XP level 1. HP: 10/10 MP: 6/6
   708 | D:1      | Reached XP level 2. HP: 12/15 MP: 5/8
  1197 | D:1      | Reached XP level 3. HP: 16/19 MP: 5/9
  1277 | D:1      | Reached skill level 5 in Ice Magic
  1333 | D:1      | Learned a level 3 spell: Frozen Ramparts
  1337 | D:1      | Learned a level 3 spell: Ozocubu's Armour
  3430 | D:3      | Reached XP level 4. HP: 17/24 MP: 7/10
  4328 | D:3      | Noticed Ijyb
  4334 | D:3      | Killed Ijyb
  5158 | D:4      | Found a blossoming altar of Fedhas.
  5158 | D:4      | Noticed an ice beast
  5158 | D:4      | Noticed a phantom
  5176 | D:4      | Noticed an ogre
  5203 | D:5      | Entered Level 5 of the Dungeon
  5229 | D:4      | Reached XP level 5. HP: 28/28 MP: 7/11
  5287 | D:4      | Reached skill level 5 in Dodging
  5287 | D:4      | Reached skill level 6 in Ice Magic
  5301 | D:4      | Slain by an ice beast

Illustrated notes

Levels and vault maps discovered:
D:1:      dpeg_arrival_refuge, layout_basic
D:2:      layout_loops_corners
D:3:      kennysheep_goblin_castle, layout_basic
D:4:      layout_cave_pools, grunt_temple_overflow_forces_of_nature,
          st_stairs_6, uniq_ijyb
D:5:      layout_loops_cross, basic_altar, cheibriados_altar_1, uniq_sigmund,
          uniq_prince_ribbit1, uniq_menkaure

Skill      XL: |  1  2  3  4  5 |
---------------+----------------+-----
Dodging        | 3 4 5 |  5.0
Ice Magic      | 5 6 |  6.0
Stealth        | |  2.4
Spellcasting   | |  3.0

Action                   |  1- 3 |  4- 6 || total
-------------------------+-------+-------++-------
Melee: Dagger            |    30 |     4 ||    34
       Unarmed           |     1 |       ||     1
       Scimitar          |       |    52 ||    52
 Cast: Freeze            |    58 |    17 ||    75
       Frozen Ramparts   |       |     5 ||     5
       Ozocubu's Armour  |       |     1 ||     1
  Use: Scroll            |       |    11 ||    11
 Stab: Sleeping          |     4 |       ||     4
Armor: Robe              |    19 |    32 ||    51
Dodge: Dodged            |    43 |    62 ||   105
       Rpst.: Scimitar   |       |    18 ||    18
